 Dungeon Crawl Stone Soup version 0.27.0-1-g7a089689b8 (webtiles) character file.

Game seed: 13753350646534392150

3754 bnorton916 the Thaumaturge (level 9, -5/45 HPs)
             Began as a Deep Elf Conjurer on Aug 16, 2021.
             Was a Priest of Vehumet.
             Slain by an orc knight (17 damage)
             ... in a bailey.
             The game lasted 00:18:40 (9799 turns).

bnorton916 the Thaumaturge (Deep Elf Conjurer)      Turns: 9799, Time: 00:18:41

Health: -5/45      AC:  7    Str:  5    XL:     9   Next: 93%
Magic:  2/24       EV: 13    Int: 35    God:    Vehumet [***...]
Gold:   461        SH:  0    Dex: 13    Spells: 10/27 levels left

rFire    . . .     SeeInvis +   v - +11 rapier of Ycra {protect, SInv}
rCold    . . .     Faith    .   (no shield)
rNeg     . . .     Spirit   .   a - +0 robe
rPois    .         Reflect  .   n - +2 hat
rElec    .         Harm     .   D - +0 cloak
rCorr    .         Rampage  .   x - +0 pair of gloves
Will     ++...                  A - +0 pair of boots
Stlth    ++........             (no amulet)
HPRegen  0.15/turn              s - +6 ring of intelligence
MPRegen  0.19/turn              J - ring of the Mage {Wiz Will++ Int+3}

@: no status effects
A: no striking features
a: Renounce Religion


You were in a bailey.
You worshipped Vehumet.
Vehumet was most pleased with you.
You visited 2 branches of the dungeon, and saw 9 of its levels.
You also visited: Bailey.

You collected 461 gold pieces.

Inventory:

Hand Weapons
 b - a +1 dagger of venom
 f - a +1 dagger of holy wrath
 v - the +11 rapier of Ycra (weapon) {protect, SInv}
   (You found it on level 5 of the Dungeon)

   It grants its wielder temporary protection when it strikes (+7 to AC).
   SInv:      It lets you see invisible.
 F - a +2 dagger of speed
Missiles
 r - 29 stones
Armour
 a - a +0 robe (worn)
 n - a +2 hat (worn)
 x - a +0 pair of gloves (worn)
 A - a +0 pair of boots (worn)
 D - a +0 cloak (worn)
Jewellery
 o - a ring of ice
 s - a +6 ring of intelligence (left hand)
 t - a ring of ice
 I - a ring of resist corrosion
 J - the ring of the Mage (right hand) {Wiz Will++ Int+3}
   (You acquired it in a bailey)

   [ring of wizardry]

   It improves your spell success rate.
   Int:       It affects your intelligence (+3).
   Will:      It greatly increases your willpower.
Wands
 l - a wand of acid (7)
 m - a wand of digging (8)
 q - a wand of paralysis (3)
 E - a wand of polymorph (9)
Scrolls
 d - a scroll of blinking
 h - a scroll of vulnerability {unknown}
 j - 2 scrolls of teleportation
 p - a scroll of holy word {unknown}
 w - a scroll of enchant weapon {unknown}
 y - a scroll of fog {unknown}
 B - a scroll of immolation {unknown}
 H - a scroll of amnesia {unknown}
Potions
 c - 2 potions of resistance {unknown}
 e - 3 potions of attraction
 g - 2 potions of curing
 i - a potion of haste {unknown}
 k - 4 potions of heal wounds
 u - a potion of degeneration {unknown}
 z - a potion of flight {unknown}
 C - a potion of magic {unknown}
 G - a potion of ambrosia {unknown}
 K - a potion of brilliance {unknown}
 L - a potion of invisibility {unknown}


   Skills:
 + Level 4.0 Dodging
 - Level 2.4 Stealth
 - Level 9.5 Spellcasting
 - Level 8.8 Conjurations
 - Level 7.5 Hexes
 - Level 6.3 Translocations
 - Level 3.6 Air Magic
 - Level 4.0 Poison Magic


You had 10 spell levels left.
You knew the following spells:

 Your Spells              Type           Power      Damage    Failure   Level
a - Magic Dart            Conj           100%       1d8       1%          1
b - Searing Ray           Conj           100%       3d7       1%          2
c - Fulminant Prism       Conj/Hex       32%        3d16      1%          4
d - Iskenderun's Mystic   Conj/Tloc      63%        2d13      1%          4
e - Mephitic Cloud        Conj/Pois/Air  53%        N/A       1%          3
f - Ignite Poison         Fire/Tmut/Pois 26%        N/A       1%          3

Your spell library contained the following spells:

 Spells                   Type           Power      Damage    Failure   Level
 Freeze                   Ice            64%        1d8       1%          1
 Summon Small Mammal      Summ           64%        N/A       1%          1
 Call Imp                 Summ           16%        N/A       1%          2
 Ensorcelled Hibernation  Hex/Ice        86%        N/A       1%          2
 Dazzling Flash           Conj/Hex       100%       N/A       1%          3
 Frozen Ramparts          Ice            32%        1d5       1%          3
 Spider Form              Tmut/Pois      15%        N/A       1%          3
 Summon Guardian Golem    Hex/Summ       43%        N/A       1%          3
 Hailstorm                Conj/Ice       47%        3d11      1%          4
 Call Canine Familiar     Summ           16%        N/A       3%          3
 Shadow Creatures         Summ           N/A        N/A       82%         6


Dungeon Overview and Level Annotations

Branches:
Dungeon (8/15)             Temple (1/1) D:4          Bailey (1/1)
   Lair: D:8-11

Altars:
Cheibriados
Dithmenos
Elyvilon
Fedhas
Gozag
Hepliaklqana
Kikubaaqudgha
Makhleb
Nemelex Xobeh
Qazlal
Ru
Sif Muna
Trog
Uskayaw
Vehumet
Wu Jian
Xom
Yredelemnul
Zin
The Shining One

Annotations:
D:5 1 runed translucent door, bearlyready's ghost, amateur GnMo
D:8 SweetAndFullOfGrace's ghost, novice TrCK


Message History

Confirm with . or Enter, or press ? or * to list all spells.
You ignite the poison in your surroundings!
The orc is engulfed in blazing flames.
You kill the orc!
Vehumet accepts your kill.
The orc warrior is engulfed in blazing flames.
The orc knight is engulfed in blazing flames.
The orc is engulfed in blazing flames.
You kill the orc!
Vehumet accepts your kill.
Unknown command.
Casting: Ignite Poison (safe; 1% risk of failure)
Confirm with . or Enter, or press ? or * to list all spells.
You erupt in a blast of force!
The mystic blast hits the orc knight!
The orc knight is moderately wounded.
The orc knight is knocked back by the mystic blast.
The orc knight collides with the orc warrior!
The orc warrior is engulfed in blazing flames.
You kill the orc warrior!
Vehumet accepts your kill.
Vehumet is now aiding your destructive spells.
The orc knight is engulfed in blazing flames.
Your Dodging skill increases to level 4!
Casting: Iskenderun's Mystic Blast (safe; 1% risk of failure)
Confirm with . or Enter, or press ? or * to list all spells.
You don't have enough magic to cast this spell.
Unknown command.
There is an open gate here.
You barely miss the orc knight.
The orc knight is heavily wounded.
The orc knight seems less confused.
The orc knight hits you with a +0 trident.
The orc knight hits you with a +0 trident!!
Ouch! That really hurt!
* * * LOW HITPOINT WARNING * * *
You barely miss the orc knight.
The orc knight is heavily wounded.
The orc closely misses you.
The orc knight hits you with a +0 trident!
You die...

#......)#
#.....#
##'''##
#..o..#
#.○°○.#
#..○○.#
#.○°○o#
#..o..#
##'@'##
##.....##
#.......#
#.......#
#.......#
#.......#
#.......#
##.))..##
###)###


You could see an orc knight and 2 orcs.

Vanquished Creatures
  Maurice (D:8)
  3 yaks (D:5)
  A water moccasin (D:7)
  7 orc warriors
  2 ice beasts
  A centaur (D:6)
  3 ogres
  A phantom (D:6)
  2 bullfrogs
  3 scorpions
  A wyvern skeleton (D:3)
  5 wights (D:7)
  4 killer bees (D:7)
  A water moccasin skeleton (D:5)
  A bullfrog zombie (D:7)
  2 centaur zombies
  5 hounds
  An orc priest (D:6)
  3 bullfrog skeletons
  3 iguanas
  An orc wizard (D:5)
  3 gnolls (D:3)
  9 adders
  A howler monkey skeleton (D:4)
  An adder skeleton (D:4)
  A worm (D:3)
  5 dart slugs
  42 orcs
  3 endoplasms (D:2)
  8 giant cockroaches
  11 goblins
  8 hobgoblins
  17 jackals
  5 quokkas
  2 ball pythons
  6 bats
  A frilled lizard (D:1)
  A kobold (D:2)
  4 rats
179 creatures vanquished.

Vanquished Creatures (collateral kills)
  A hornet (D:8)
1 creature vanquished.

Vanquished Creatures (others)
  17 fulminant prisms
17 creatures vanquished.

Grand Total: 197 creatures vanquished

Notes
Turn   | Place    | Note
-------+----------+-------------------------------------------
     0 | D:1      | bnorton916 the Deep Elf Conjurer began the quest for the
                  | Orb.
     0 | D:1      | Reached XP level 1. HP: 10/10 MP: 6/6
   522 | D:1      | Reached XP level 2. HP: 15/15 MP: 4/8
   990 | D:1      | Reached skill level 4 in Spellcasting
  1003 | D:1      | Reached skill level 5 in Conjurations
  1003 | D:1      | Reached XP level 3. HP: 13/19 MP: 2/10
  1828 | D:2      | Learned a level 2 spell: Searing Ray
  2290 | D:2      | Reached XP level 4. HP: 24/24 MP: 12/12
  2916 | D:3      | Reached skill level 5 in Spellcasting
  2916 | D:3      | Reached XP level 5. HP: 14/28 MP: 5/14
  3091 | D:3      | Learned a level 4 spell: Fulminant Prism
  3096 | D:3      | Learned a level 4 spell: Iskenderun's Mystic Blast
  3771 | D:3      | Found a burning altar of Makhleb.
  3773 | D:3      | Noticed a green death
  3908 | D:4      | Found a staircase to the Ecumenical Temple.
  3919 | Temple   | Entered the Ecumenical Temple
  4090 | Temple   | Became a worshipper of Vehumet
  4139 | D:4      | Found an ancient bone altar of Kikubaaqudgha.
  4145 | D:4      | Reached skill level 1 in Hexes
  4187 | D:4      | Reached skill level 1 in Translocations
  4293 | D:4      | Reached skill level 6 in Spellcasting
  4293 | D:4      | Reached XP level 6. HP: 30/32 MP: 7/17
  4770 | D:5      | Entered Level 5 of the Dungeon
  5180 | D:5      | Reached * piety under Vehumet
  5180 | D:5      | Offered knowledge of Freeze by Vehumet.
  5180 | D:5      | Noticed a yak
  5181 | D:5      | Reached XP level 7. HP: 36/36 MP: 14/19
  5187 | D:5      | Noticed a yak
  5188 | D:5      | Noticed a yak
  5189 | D:5      | Killed a yak
  5190 | D:5      | Reached skill level 7 in Spellcasting
  5240 | D:5      | Killed a yak
  5261 | D:5      | Killed a yak
  5571 | D:5      | Learned a level 3 spell: Mephitic Cloud
  5665 | D:5      | Reached XP level 8. HP: 36/41 MP: 13/21
  5667 | D:5      | Reached skill level 5 in Hexes
  5686 | D:5      | Identified the +11 rapier of Ycra {protect, SInv}
  6307 | D:5      | Found a runed translucent door.
  6366 | D:5      | Noticed bearlyready's ghost (amateur GnMo)
  6468 | D:6      | Reached skill level 8 in Spellcasting
  6743 | D:6      | Reached skill level 1 in Air Magic
  6743 | D:6      | Reached skill level 1 in Poison Magic
  6862 | D:6      | Found a snail-covered altar of Cheibriados.
  7100 | D:6      | Reached skill level 5 in Translocations
  7518 | D:7      | Found a glowing golden altar of the Shining One.
  7590 | D:7      | Reached XP level 9. HP: 45/45 MP: 18/23
  7851 | D:7      | Offered knowledge of Shock by Vehumet.
  7855 | D:7      | Reached ** piety under Vehumet
  8065 | D:7      | Reached skill level 9 in Spellcasting
  8794 | D:8      | Noticed SweetAndFullOfGrace's ghost (novice TrCK)
  8803 | D:8      | Noticed Maurice
  8806 | D:8      | Paralysed by a hornet for 1 turns
  8814 | D:8      | Noticed a manticore
  8815 | D:8      | Noticed a purple ugly thing
  8838 | D:8      | Killed Maurice
  8877 | D:8      | Found a flagged portal.
  8969 | Bailey   | Entered a bailey
  9213 | Bailey   | Offered knowledge of Ignite Poison by Vehumet.
  9735 | Bailey   | Acquired the ring of the Mage {Wiz Will++ Int+3}
  9736 | Bailey   | Found the ring of the Mage {Wiz Will++ Int+3}
  9742 | Bailey   | Learned a level 3 spell: Ignite Poison
  9779 | Bailey   | Noticed an orc knight
  9796 | Bailey   | Reached *** piety under Vehumet
  9799 | Bailey   | Slain by an orc knight

Illustrated notes

Levels and vault maps discovered:
D:1:      saegor_arrival_simple_a, layout_loops_corners,
          hangedman_decor_slide_cut
D:2:      layout_loops_cross, minmay_tetromino_i4
D:3:      layout_loops_ring, makhleb_altar_promises_db
D:4:      layout_gridville, lemuel_round_altar, minmay_temple_entry_mist,
          minmay_cut_off
D:5:      layout_loops_corners, ebering_ghost_reflecting_pool,
          ebering_dispersal_statue_hall
D:6:      layout_cave_pools, amcnicky_altar_gilded, minmay_misc_feat_cross
D:7:      layout_loops_ring, lemuel_tele_altar
D:8:      layout_rooms, gammafunk_ghost_arena, enter_bailey_2,
          lemuel_flamethrower_1, uniq_psyche, uniq_maurice
Temple:   nicolae_temple_elliptical
Bailey:   bailey_polearm_5, bailey

Skill      XL: |  1  2  3  4  5  6  7  8  9 |
---------------+----------------------------+-----
Spellcasting   | 4 5 6 7 8 9 |  9.5
Conjurations   | 5 6 7 8 |  8.8
Hexes          | 1 3 4 6 7 |  7.5
Translocations | 1 2 4 5 6 |  6.3
Air Magic      | 2 3 |  3.6
Poison Magic   | 2 4 |  4.0
Dodging        | 4 |  4.0
Stealth        | |  2.4

Action                   |  1- 3 |  4- 6 |  7- 9 || total
-------------------------+-------+-------+-------++-------
Melee: Dagger            |    27 |     3 |       ||    30
       Unarmed           |     3 |       |       ||     3
       Rapier            |       |       |    15 ||    15
 Cast: Magic Dart        |    71 |    85 |    96 ||   252
       Searing Ray       |     1 |    14 |    33 ||    48
       Fulminant Prism   |       |       |    17 ||    17
       Iskenderun's Myst |       |       |    11 ||    11
       Mephitic Cloud    |       |       |     3 ||     3
       Ignite Poison     |       |       |     2 ||     2
Evoke: Wand              |       |       |     1 ||     1
  Use: Scroll            |       |       |     8 ||     8
       Potion            |       |       |     1 ||     1
 Stab: Sleeping          |     3 |       |       ||     3
Armor: Robe              |     7 |     2 |    11 ||    20
Dodge: Dodged            |    30 |    12 |    46 ||    88
